 Dungeon Crawl Stone Soup version 0.29.1-2-gbd0b4ee654 (webtiles) character file.

Game seed: 3542804355130740091

5733 GeoRichter the Tainter (level 10, -3/48 HPs)
             Began as a Spriggan Hunter on Nov 12, 2022.
             Was a Follower of Ashenzari.
             Slain by a centaur warrior (14 damage)
             ... on level 8 of the Dungeon.
             The game lasted 00:23:39 (12144 turns).

GeoRichter the Tainter (Spriggan Hunter)           Turns: 12144, Time: 00:23:40

Health: -3/48      AC:  2    Str:  7    XL:     10   Next: 48%
Magic:  0/25       EV: 20    Int: 12    God:    Ashenzari [*.....]
Gold:   322        SH:  0    Dex: 22    Spells: 25/29 levels left

rFire   . . .      SeeInvis +   B - +0 arbalest
rCold   + . .      Faith    .   (shield currently unavailable)
rNeg    . . .      Spirit   .   c - +0 robe of the Wild Blue Yonder {Self, Melee} (curse)
rPois   .          Reflect  .   (helmet restricted)
rElec   .          Harm     .   (no cloak)
rCorr   .          Rampage  .   (gloves unavailable)
Will    +....                   (boots unavailable)
Stlth   ++........              (no amulet)
HPRegen 0.16/turn               x - ring "Sorrow of Ashenzari" {rC+, Evo, Comp} (curse)
MPRegen 0.19/turn               (no ring)

@: very quick
A: very small, no large weapons, unfitting armour, see invisible, speed 3
a: Renounce Religion, Shatter the Chains


You were on level 8 of the Dungeon.
You worshipped Ashenzari.
Ashenzari was aware of your devotion.
You visited 2 branches of the dungeon, and saw 9 of its levels.
You also visited: Bailey.

You collected 397 gold pieces.
You spent 75 gold pieces at shops.

Inventory:

Hand Weapons
 f - a +1 dagger of venom
   (You took it off a goblin on level 1 of the Dungeon)
 B - a +0 arbalest (weapon)
   (You took it off an orc in a bailey)
Missiles
 i - a throwing net {!f}
Armour
 c - the cursed +0 robe of the Wild Blue Yonder (worn) {Self, Melee}

   It has a curse which improves the following skills: Introspection: Fighting
   and Spellcasting.
   Melee Combat: Short Blades, Long Blades, Axes, Maces & Flails, Polearms,
   Staves and Unarmed Combat.
Jewellery
 u - a ring of ice
   (You found it on level 5 of the Dungeon)
 x - the cursed ring "Sorrow of Ashenzari" (left hand) {rC+, Evo, Comp}
   (You found it on level 5 of the Dungeon)

   [ring of protection from cold]

   rC:        It protects you from cold.
   It has a curse which improves the following skills: Evocations: Evocations.
   Companions: Summonings and Necromancy.
Wands
 o - a wand of paralysis (11)
   (You took it off Ijyb on level 3 of the Dungeon)
 w - a wand of mindburst (13)
   (You found it on level 5 of the Dungeon)
 y - a wand of polymorph (8)
   (You found it on level 5 of the Dungeon)
 C - a wand of flame (18)
   (You found it on level 8 of the Dungeon)
Scrolls
 b - a scroll of fear
 g - 2 scrolls of summoning
 h - 2 scrolls of magic mapping
 k - 3 scrolls of teleportation {@r4}
 n - a scroll of enchant armour
 p - 5 scrolls of enchant weapon
 r - a scroll of poison {!r}
 v - a scroll of torment {!r}
 A - a scroll of fog
Potions
 d - 3 potions of degeneration {!q}
 e - 3 potions of heal wounds {@q2}
 j - a potion of cancellation
 l - 6 potions of curing {@q1}
 m - a potion of brilliance
 q - a potion of resistance
 s - a potion of haste {@q3}
 t - a potion of berserk rage
 z - a potion of flight
Miscellaneous
 a - a tin of tremorstones (2/2)
   (You found it in a bailey)


   Skills:
 - Level 2.1(2.8) Fighting
 - Level 1.9(2.6) Short Blades
 - Level 4.9 Ranged Weapons
 - Level 4.4 Dodging
 - Level 1.5 Stealth
 - Level 1.0(1.5) Unarmed Combat
 + Level 9.4(10.3) Spellcasting
 - Level 0.9(1.4) Necromancy
 * Level 7.0 Transmutations
 * Level 4.7 Air Magic
 - Level 10.0 Poison Magic


You had 25 spell levels left.
You knew the following spells:

 Your Spells              Type           Power      Damage    Failure   Level
a - Olgreb's Toxic Radia  Pois           30%        N/A       1%          4

Your spell library contained the following spells:

 Spells                   Type           Power      Damage    Failure   Level
 Sting                    Tmut/Pois      100%       1d8       1%          1
 Poisonous Vapours        Pois/Air       46%        N/A       1%          2
 Static Discharge         Conj/Air       11%        3-5/arc   7%          2
 Freeze                   Ice            24%        1d5       12%         1
 Slow                     Hex            24%        N/A       12%         1
 Blink                    Tloc           12%        N/A       19%         2
 Vampiric Draining        Necr           9%         2d6       19%         3
 Confusing Touch          Hex            6%         N/A       34%         3
 Dazzling Flash           Conj/Hex       12%        N/A       34%         3
 Frozen Ramparts          Ice            12%        1d2       34%         3
 Dispel Undead            Necr           9%         3d8       54%         4
 Hailstorm                Conj/Ice       6%         3d4       75%         4
 Iskenderun's Mystic Bla  Conj/Tloc      6%         2d4       75%         4
 Sticky Flame             Conj/Fire      6%         2d3       75%         4
 Manifold Assault         Tloc           6%         N/A       97%         5
 Starburst                Conj/Fire      3%         6d3       100%        6
 Storm Form               Tmut/Air       10%        N/A       100%        7


Dungeon Overview and Level Annotations

Branches:
Dungeon (8/15) Zot: 26862  Temple (1/1) D:4 Zot: 5751  Bailey (visited)
   Lair: D:8-11

Altars:
Ashenzari
Dithmenos
Elyvilon
Hepliaklqana
Makhleb
Nemelex Xobeh
Qazlal
Ru
Sif Muna
Trog
Vehumet
Wu Jian
Xom
Yredelemnul
Zin
The Shining One

Shops:
D:1 :?(?[   D:2 (   D:6 **?   D:7 (

Annotations:
D:4 2 transporters, kdlk's ghost, amateur MiBe


Innate Abilities, Weirdness & Mutations

You are very small and have problems with some larger weapons.
You are too small for most types of armour.
You have supernaturally acute eyesight. (SInv)
You cover ground extremely quickly. (Speed+++)


Message History

The centaur warrior kicks you.
* * * LOW HITPOINT WARNING * * *
The centaur warrior completely misses you. x2
The centaur warrior wields a +0 shortbow.
The centaur warrior shoots an arrow.
The arrow closely misses you.
The centaur warrior unwields a +0 shortbow.
The centaur warrior hits you but does no damage.
The centaur warrior kicks you.
* * * LOW HITPOINT WARNING * * *
You begin to radiate toxic energy.
The centaur warrior looks as sick as possible!
The centaur warrior closely misses you. The centaur warrior kicks you.
* * * LOW HITPOINT WARNING * * *
Your magical contamination has completely faded away.
Your toxic radiance grows in intensity.
The centaur warrior looks as sick as possible!
The centaur warrior hits you!
* * * LOW HITPOINT WARNING * * *
The centaur warrior barely misses you. x2; The centaur warrior misses you.
You feel much better. The centaur warrior misses you.
The centaur warrior closely misses you.
You feel much better.
The centaur warrior looks as sick as possible!
Your toxic aura wanes.
The centaur warrior hits you. The centaur warrior kicks you.
The centaur warrior hits you! The centaur warrior closely misses you.
You shoot a bolt.
The bolt barely misses the centaur warrior.
The bolt hits the wight!
The centaur warrior hits you!
The centaur warrior completely misses you.
The centaur warrior barely misses you. The centaur warrior kicks you.
* * * LOW HITPOINT WARNING * * *
You begin to radiate toxic energy.
The centaur warrior looks as sick as possible!
The centaur warrior misses you. The centaur warrior closely misses you.
You are too injured to fight recklessly!
Fire: B) +0 arbalest
Aim: a centaur warrior (almost dead, extremely poisoned, 69% to hit)
You shoot a bolt.
The bolt barely misses the centaur warrior.
The bolt hits the wight.
You destroy the wight!
Your toxic aura wanes.
The centaur warrior misses you. The centaur warrior barely misses you.
The centaur warrior hits you!
* * * LOW HITPOINT WARNING * * *
The centaur warrior kicks you.
* * * LOW HITPOINT WARNING * * *
The centaur warrior hits you!
You die...

#......≈...≈..###* *
# #......≈≈~≈≈..# ,
#. #..........##
#.###.....#.####
#..........)###### *
.#..#..#..#.......# *
#...##...##.†.(...#
#....###.###.......#
..###.##@##.###....#
*...###.#c#.###..####
....####9####..##
.##...[.⌠......# * *
...####.####... ,
..###.#.#.###..
.###.##.##.###.
....###.###....
....##...##...#


You could see a centaur warrior (extremely poisoned) and a gargoyle.

Vanquished Creatures
  A boulder beetle (D:7)
  An orc knight (Bailey)
  2 tengu conjurers
  Grinder (D:3)
  A slime creature (D:7)
  A shadow (D:8)
  Sigmund (D:3)
  A wyvern (D:7)
  2 steam dragons (D:7)
  2 water moccasins (D:6)
  Duvessa (D:5)
  6 orc warriors
  3 ogres
  A centaur (D:7)
  2 phantoms
  4 bullfrogs
  5 necrophages
  2 scorpions
  2 wights
  Dowan (D:5)
  A killer bee (D:7)
  A howler monkey (D:7)
  2 jellies
  8 hounds
  3 iguanas
  2 orc priests (D:7)
  Ijyb (D:3)
  Terence (D:2)
  6 orc wizards
  Natasha (D:4)
  A gnoll (D:7)
  9 adders
  A shadow imp (D:7)
  2 ufetubi
  5 dart slugs
  53 orcs
  5 ball pythons
  4 endoplasms
  3 giant cockroaches
  11 goblins
  12 hobgoblins
  8 jackals
  6 quokkas
  6 bats
  6 frilled lizards
  9 kobolds
  3 rats
210 creatures vanquished.

Vanquished Creatures (others)
  9 demonic plants (D:1)
  A fungus (D:1)
  5 withered plants (D:1)
15 creatures vanquished.

Grand Total: 225 creatures vanquished

Notes
Turn   | Place    | Note
-------+----------+-------------------------------------------
     0 | D:1      | GeoRichter the Spriggan Hunter began the quest for the Orb.
     0 | D:1      | Reached XP level 1. HP: 10/10 MP: 2/2
   281 | D:1      | Reached XP level 2. HP: 13/14 MP: 3/3
   417 | D:1      | Found Labill's Book Shop.
   435 | D:1      | Found Odusint's Magic Scroll Emporium.
   446 | D:1      | Found a faded altar of an unknown god.
   476 | D:1      | Reached XP level 3. HP: 18/18 MP: 4/4
   490 | D:1      | Found Ymidao Baca's Weapon Shop.
   609 | D:1      | Found Lamimud's Magic Scroll Shoppe.
   677 | D:1      | Found Xyirhamping's Armour Shop.
  1046 | D:2      | Reached skill level 1 in Poison Magic
  1255 | D:2      | Reached skill level 1 in Spellcasting
  1255 | D:2      | Reached XP level 4. HP: 22/22 MP: 6/6
  1309 | D:2      | Found Betodwaf's Antique Weapon Shoppe.
  1312 | D:2      | Noticed Terence
  1357 | D:2      | Killed Terence
  1511 | D:2      | Reached skill level 2 in Poison Magic
  2016 | D:3      | Noticed Sigmund
  2018 | D:3      | Killed Sigmund
  2019 | D:3      | Reached skill level 3 in Poison Magic
  2019 | D:3      | Reached XP level 5. HP: 25/25 MP: 7/10
  2036 | D:3      | Reached XP level 6. HP: 29/30 MP: 9/11
  2079 | D:3      | Noticed Ijyb
  2087 | D:3      | Killed Ijyb
  2088 | D:3      | Reached skill level 4 in Poison Magic
  2158 | D:3      | Learned a level 4 spell: Olgreb's Toxic Radiance
  2321 | D:3      | Noticed Grinder
  2852 | D:3      | Paralysed by Grinder for 4 turns
  2870 | D:3      | HP: 1/30 [Grinder/nerve-wracking pain (12)]
  2884 | D:3      | Killed Grinder
  2885 | D:3      | Reached skill level 5 in Poison Magic
  2885 | D:3      | Reached XP level 7. HP: 33/33 MP: 12/14
  3124 | D:4      | Noticed Natasha
  3140 | D:4      | Killed Natasha
  3309 | D:4      | Found a transporter.
  3314 | D:4      | Noticed kdlk's ghost (amateur MiBe)
  3539 | D:4      | Reached skill level 5 in Spellcasting
  3539 | D:4      | Reached skill level 6 in Poison Magic
  3721 | D:4      | Found a transporter.
  4211 | D:4      | Found a staircase to the Ecumenical Temple.
  4224 | Temple   | Entered the Ecumenical Temple
  4523 | Temple   | Became a worshipper of Ashenzari the Shackled
  4624 | D:5      | Entered Level 5 of the Dungeon
  4710 | D:5      | Reached XP level 8. HP: 20/37 MP: 17/17
  4940 | D:5      | Reached skill level 7 in Poison Magic
  5233 | D:5      | Noticed Dowan
  5234 | D:5      | Noticed Duvessa
  5245 | D:5      | Killed Dowan
  5245 | D:5      | Killed Duvessa
  5879 | D:6      | Reached skill level 8 in Poison Magic
  6214 | D:6      | Reached * piety under Ashenzari
  6214 | D:6      | Reached ** piety under Ashenzari
  6223 | D:6      | Found Afos's General Store.
  6225 | D:6      | Found Joaplixu's Specific Store.
  6283 | D:6      | Found Adeor's Magic Scroll Emporium.
  6559 | D:6      | Bought a potion of heal wounds for 75 gold pieces
  6840 | D:6      | Reached *** piety under Ashenzari
  6893 | D:6      | Found a shadowy altar of Dithmenos.
  7451 | D:7      | Noticed a tengu conjurer
  7452 | D:7      | Noticed a boulder beetle
  7457 | D:7      | Noticed a slime creature
  7484 | D:7      | Reached skill level 9 in Poison Magic
  7488 | D:7      | Killed a tengu conjurer
  7489 | D:7      | Reached XP level 9. HP: 27/43 MP: 12/23
  7665 | D:7      | Found Wataucuq's Antique Weapon Emporium.
  8401 | D:6      | Reached skill level 10 in Poison Magic
  8839 | D:7      | Reached skill level 1 in Unarmed Combat
  8868 | D:7      | Reached skill level 1 in Short Blades
  9393 | D:7      | Reached skill level 1 in Air Magic
 10393 | D:7      | Killed a boulder beetle
 10394 | D:7      | Reached skill level 5 in Transmutations
 10394 | D:7      | Reached XP level 10. HP: 39/49 MP: 10/25
 10696 | D:8      | Found a flagged portal.
 10743 | Bailey   | Entered a bailey
 11850 | Bailey   | Noticed an orc knight
 11889 | Bailey   | Killed an orc knight
 12119 | D:8      | Noticed a centaur warrior
 12119 | D:8      | Noticed a gargoyle
 12139 | D:8      | HP: 2/48 [centaur warrior (14)]
 12144 | D:8      | Slain by a centaur warrior

Illustrated notes

Levels and vault maps discovered:
D:1:      eino_arrival_cavern_c, layout_rooms, shapermc_ecumenical_altar_gd,
          serial_shops, shop, nicolae_diamond_shop, nicolae_shop_crystal,
          nicolae_shop_bloodbath_and_beyond, nicolae_shop_crystal
D:2:      layout_loops_ring, serial_shops, nicolae_shop_overgrown_old_shop,
          serial_glass, glass_columns_a, glass_columns_b, glass_columns_a,
          uniq_terence
D:3:      layout_loops_ring, minivault_19, roderic_roman_lattice, uniq_grinder,
          uniq_ijyb, uniq_sigmund
D:4:      layout_basic, temple_hall, gammafunk_ghost_arena, uniq_natasha
D:5:      layout_rooms, grunt_ministairs_14, chequers_decorated_corner,
          uniq_duvessa
D:6:      layout_layer_cave, nicolae_dithmenos_shadow_blocks, serial_shops,
          kennysheep_little_box, nicolae_specific_store, minmay_holes
D:7:      nzn_winding_woodlands_cross [nzn_winding_woodlands_5x15_sidewinder,
          nzn_winding_woodlands_5x15_split_checker,
          nzn_winding_woodlands_5x15_longhouse,
          nzn_winding_woodlands_5x15_default,
          nzn_winding_woodlands_15x15_killbox], layout_gridville, serial_shops,
          nicolae_stop_n_shop_1
D:8:      layout_basic, nicolae_uskayaw_dance_studio,
          mainiacjoe_overflow_large_starburst, enter_bailey_5, kb_rosetta
Temple:   regret_index_temple_generic_petals

Skill      XL: |  1  2  3  4  5  6  7  8  9 10 |
---------------+-------------------------------+-----
Dodging        | 3 4 |  4.4
Poison Magic   | 1 3 5 6 9 10 | 10.0
Spellcasting   | 1 3 4 5 7 9 |  9.4
Unarmed Combat | 1 |  1.0
Fighting       | 2 |  2.1
Short Blades   | 1 |  1.9
Transmutations | 5 7 |  7.0
Air Magic      | 3 4 |  4.7
Ranged Weapons | |  4.9
Stealth        | |  1.5
Necromancy     | |  0.9

Action                   |  1- 3 |  4- 6 |  7- 9 | 10-12 || total
-------------------------+-------+-------+-------+-------++-------
 Fire: Shortbow          |   104 |    89 |   440 |    13 ||   646
       Arbalest          |       |       |       |    30 ||    30
 Cast: Olgreb's Toxic Ra |       |       |    31 |    34 ||    65
Invok: Curse Item        |       |       |     3 |       ||     3
       Shatter the Chain |       |       |       |     1 ||     1
Evoke: Wand              |       |       |     1 |       ||     1
  Use: Scroll            |       |     2 |     2 |       ||     4
       Potion            |       |     1 |       |     2 ||     3
Armor: Robe              |     1 |     1 |    16 |     2 ||    20
Dodge: Dodged            |    19 |    49 |   199 |    61 ||   328
